 Dungeon Crawl Stone Soup version 0.25.0-33-gff14898491 (webtiles) character file.

Game seed: 2261225289315697805

584 Ethylacetat the Cutter (level 7, -2/49 HPs)
             Began as an Octopode Assassin on July 7, 2020.
             Killed from afar by Dowan (20 damage)
             ... with a shard of ice
             ... on level 4 of the Dungeon.
             The game lasted 00:08:17 (3461 turns).

Ethylacetat the Cutter (Octopode Assassin)          Turns: 3461, Time: 00:08:18

Health: -2/49      AC:  1    Str: 13    XL:     7   Next: 37%
Magic:  7/7        EV: 13    Int: 13    God:
Gold:   152        SH:  0    Dex: 13    Spells: 6/6 levels left

rFire    . . .     SeeInvis .   j - +2 short sword (drain)
rCold    . . .     Gourm    .   (no shield)
rNeg     . . .     Faith    .   (helmet restricted)
rPois    .         Spirit   .   (no amulet)
rElec    .         Reflect  .   (no ring)
rCorr    .         Harm     .   (no ring)
MR       .....                  (no ring)
Stlth    ++++......             (no ring)
HPRegen  0.16/turn              (no ring)
MPRegen  0.10/turn              (no ring)
                                (no ring)
                                (no ring)

@: no status effects
A: almost no armour, stealthy swim, amphibious, 8 rings, constrict 8, camouflage
1, gelatinous body 1
a: no special abilities


You were on level 4 of the Dungeon.
You were not hungry.

You visited 1 branch of the dungeon, and saw 4 of its levels.

You collected 152 gold pieces.

Inventory:

Hand Weapons
 a - a +2 dagger
 j - a +2 short sword of draining (weapon)
Missiles
 b - 20 poisoned darts (quivered)
 c - 2 curare-tipped darts
Scrolls
 e - a scroll of fog {unknown}
 h - 3 scrolls of teleportation {unknown}
 i - 3 scrolls of identify {unknown}
 k - 5 scrolls of remove curse {unknown}
 n - 4 scrolls of random uselessness {unknown}
 q - a scroll of fear {unknown}
Potions
 f - a potion of haste {unknown}
 g - 7 potions of curing {unknown}
 m - 2 potions of stabbing {unknown}
 o - a potion of heal wounds {unknown}
 p - 2 potions of flight {unknown}
Comestibles
 d - 7 rations
 l - 6 chunks of flesh


   Skills:
 + Level 4.7 Fighting
 * Level 6.6 Short Blades
 - Level 2.0 Throwing
 - Level 1.0 Dodging
 - Level 5.3 Stealth


You had 6 spell levels left.
You didn't know any spells.
Your spell library contained the following spells:

 Spells                   Type           Power        Failure   Level  Hunger
 Corona                   Hex            #......      30%         1    ##.....
 Ensorcelled Hibernation  Hex/Ice        #.....       43%         2    ###....
 Confusing Touch          Hex            #.......     67%         3    ####...
 Dazzling Flash           Conj/Hex       #.....       67%         3    ####...
 Tukima's Dance           Hex            #.......     67%         3    ####...


Dungeon Overview and Level Annotations

Branches:
Dungeon (4/15)
 Temple: D:4-7

Altars:
Nemelex Xobeh
Qazlal

Annotations:
D:4 Dowan


Innate Abilities, Weirdness & Mutations

You cannot wear most types of armour.
You are very stealthy in the water. (Stealth+)
You are amphibious.
You can wear up to eight rings at the same time.
You can use your tentacles to constrict eight enemies at once.
Your skin changes colour to match your surroundings (Stealth+).
Your rubbery body absorbs attacks. (AC +1, EV +1)


Message History

The worm is moderately wounded.
You constrict the worm. You barely miss the worm. You squeeze the worm!
You kill the worm!
Dowan seems to find hidden reserves of power!
You hit Dowan. Your grab misses Dowan.
Dowan is lightly wounded.
Dowan hits you but does no damage. The leopard gecko misses you.
Dowan closely misses you.
You miss Dowan. Your grab misses Dowan.
Dowan is lightly wounded.
The leopard gecko bites you. Dowan gestures at you while chanting.
The stone arrow hits you!
You hit Dowan. You grab Dowan. You squeeze Dowan.
Dowan is heavily wounded.
You constrict Dowan. The leopard gecko bites you.
Dowan gestures at you while chanting. The shard of ice hits you!!
You die...

##รท....#.......#.....#..
##.........#.. .#..###..
#............. #..
#.............
#...........#
##.........# ##........#
#..#.##..# #
#.##.#.@###.##..
#.##..e#l.......
#.....##........
###.............
#...$.#.......#
#....##.......#
#..####.......# ....
####...## ..... .###


You could see Dowan (fast) and a leopard gecko.

Vanquished Creatures
  Grinder (D:3)
  Duvessa (D:4)
  A howler monkey (D:4)
  An orc priest (D:3)
  Terence (D:2)
  A worker ant (D:4)
  A hound skeleton (D:3)
  4 adders
  An ooze (D:3)
  5 worms
  2 leopard geckos
  8 orcs
  2 ball pythons
  11 bats
  5 giant cockroaches
  10 goblins
  9 hobgoblins
  6 jackals
  2 quokkas
  8 frilled lizards
  11 kobolds
  A quokka skeleton (D:4)
  7 rats
99 creatures vanquished.

Notes
Turn   | Place    | Note
-------+----------+-------------------------------------------
     0 | D:1      | Ethylacetat the Octopode Assassin began the quest for the
                  | Orb.
     0 | D:1      | Reached XP level 1. HP: 14/14 MP: 1/1
   176 | D:1      | Reached XP level 2. HP: 18/19 MP: 2/2
   797 | D:2      | Reached skill level 3 in Short Blades
   819 | D:2      | Reached XP level 3. HP: 9/25 MP: 3/3
  1165 | D:2      | Noticed Terence
  1173 | D:2      | Killed Terence
  1173 | D:2      | Reached XP level 4. HP: 30/30 MP: 4/4
  1276 | D:2      | Reached skill level 4 in Short Blades
  1590 | D:2      | Reached XP level 5. HP: 33/36 MP: 5/5
  2397 | D:3      | Found a faded altar of an unknown god.
  2403 | D:3      | Noticed Grinder
  2430 | D:3      | Paralysed by something for 3 turns
  2444 | D:3      | Paralysed by something for 7 turns
  2461 | D:3      | Paralysed by Grinder for 2 turns
  2481 | D:3      | HP: 1/36 [Grinder/nerve-wracking pain (3)]
  2497 | D:3      | Killed Grinder
  2497 | D:3      | Reached skill level 5 in Short Blades
  2497 | D:3      | Reached XP level 6. HP: 4/43 MP: 6/6
  2894 | D:3      | Found a sparkling altar of Nemelex Xobeh.
  2909 | D:3      | Reached skill level 6 in Short Blades
  3065 | D:3      | Found a stormy altar of Qazlal.
  3406 | D:4      | Reached XP level 7. HP: 47/49 MP: 7/7
  3447 | D:4      | Noticed Duvessa
  3447 | D:4      | Noticed Dowan
  3456 | D:4      | Killed Duvessa
  3461 | D:4      | Killed from afar by Dowan

Illustrated notes

Levels and vault maps discovered:
D:1:      minmay_arrival_plants_in_alcoves, layout_rooms, serial_rivers,
          chequers_serial_rivers_room_a, chequers_serial_rivers_room_b,
          chequers_serial_rivers_room_a, chequers_serial_rivers_large_a,
          chequers_serial_rivers_micro_d, chequers_serial_rivers_room_b,
          minmay_misc_feat_cross
D:2:      layout_loops_ring, first_ration, uniq_terence
D:3:      layout_basic, lemuel_round_altar, chequers_ecumenical_altar_island,
          hex_large, nemelex_spade_bored_becter, uniq_grinder
D:4:      layout_rooms, kennysheep_generic_room_10, uniq_duvessa

Skill      XL: |  1  2  3  4  5  6 |
---------------+-------------------+-----
Short Blades   | 3 4 5 6 |  6.6
Fighting       | 3 4 |  4.7
Throwing       | |  2.0
Dodging        | |  1.0
Stealth        | |  5.3

Action                   |  1- 3 |  4- 6 |  7- 9 || total
-------------------------+-------+-------+-------++-------
Melee: Dagger            |    37 |       |       ||    37
       Constrict         |     8 |    29 |     4 ||    41
       Tentacles         |     6 |    14 |     5 ||    25
       Short sword       |    15 |   110 |    15 ||   140
Throw: Dart              |       |    23 |       ||    23
 Stab: Sleeping          |    14 |    16 |       ||    30
  Eat: Chunk             |     1 |     7 |       ||     8
Armor: Skin              |     2 |     4 |       ||     6
Dodge: Dodged            |    32 |    61 |     4 ||    97
